Map: Dusk Towers

Players

Impure - Winner!

  • Race: Terran Terran
  • League: Grandmaster

xKawaiian

  • Race: Terran Terran
  • League: Master

VOD

Have the link to the VOD?

Description

Time

  • Played on: Jan. 16, 2016, 4:04 p.m.
  • Length: 4:30
Show
View Real Time Build Order
Export as new Build Order

Impure Terran - Winner!

Build Orders: 1/1/1, Cyclone Opening 

Get SALT Encoding   

  12  0:01  SCV  
  13  0:13  SCV  
  14  0:17  Supply Depot  
  14  0:25  SCV  
  15  0:30  Refinery  
  15  0:39  SCV  
  16  0:45  Barracks  
  16  0:51  SCV  
  17  1:01  Refinery  
  17  1:03  SCV  
  18  1:15  SCV  
  19  1:27  SCV  
  20  1:33  Marine  
  20  1:36  Factory  
  20  1:39  Orbital Command  
  21  1:51  Marine  
  21  1:53  Supply Depot  
  21  2:05  SCV  
  22  2:09  Marine  
  23  2:19  SCV  
  23  2:22  Starport  
  24  2:28  Factory Tech Lab  
  24  2:29  Marine  
  25  2:32  SCV  
  25  2:36  Supply Depot  
  26  2:46  SCV  
  26  2:47  Marine  
  26  2:49  Cyclone  
  31  2:58  SCV  
  32  2:59  Medivac  
  32  3:04  Marine  
  36  3:14  Engineering Bay  
  35  3:22  Siege Tank  
  38  3:41  Supply Depot  
  38  3:43  Missile Turret  
  38  3:48  Barracks Reactor  
  38  3:51  Missile Turret  
  38  4:02  Factory Tech Lab  
  40  4:13  SCV  
  41  4:17  Supply Depot  
Show
View Real Time Build Order
Export as new Build Order

xKawaiian Terran 

Build Orders: 1/1/1, Banshee Rush 

Get SALT Encoding   

  12  0:01  SCV  
  13  0:13  SCV  
  14  0:17  Supply Depot  
  14  0:25  SCV  
  15  0:32  Refinery  
  15  0:39  SCV  
  16  0:45  Barracks  
  16  0:51  SCV  
  17  1:03  SCV  
  18  1:15  SCV  
  19  1:32  Orbital Command  
  19  1:33  Marine  
  19  1:35  Factory  
  19  1:39  Refinery  
  20  1:40  Supply Depot  
  20  1:50  Marine  
  21  2:01  SCV  
  21  2:08  Marine  
  21  2:13  SCV  
  23  2:20  Factory Tech Lab, Starport  
  23  2:25  SCV  
  23  2:26  Marine  
  25  2:32  Supply Depot  
  25  2:37  SCV  
  25  2:44  Marine  
  26  2:48  Factory Tech Lab  
  26  2:49  SCV  
  28  2:57  Supply Depot  
  28  3:02  SCV, Banshee, Marine  
  28  3:05  Cloaking Field  
  33  3:14  SCV  
  33  3:19  Marine  
  38  3:27  Siege Tank  
  38  3:45  Banshee  
  41  3:54  Command Center  
  41  3:57  SCV  
  42  4:04  Supply Depot  
  42  4:07  Marine  
  43  4:10  SCV  
Tags
 
Add a new tag
Caveats
  • Supply blocks, unpowered buildings, or Contaminate may cause inaccurate times.
  • Supply counts are checked every 10 seconds.